 Dungeon Crawl Stone Soup version 0.23-a0-666-g28d4f2f0af (webtiles) character file.

333 Notair the Chopper (level 6, 0/52 HPs)
             Began as a Minotaur Gladiator on Jan 8, 2019.
             Slain by an orc priest
             ... wielding a +0 flail
              (5 damage)
             ... on level 4 of the Dungeon.
             The game lasted 00:08:26 (3064 turns).

Notair the Chopper (Minotaur Gladiator)             Turns: 3064, Time: 00:08:26

Health: 0/52       AC: 12    Str: 18    XL:     6   Next: 27%
Magic:  5/5        EV:  7    Int:  7    God:
Gold:   215        SH:  0    Dex: 12    Spells: 5/5 levels left

rFire    . . .     SeeInvis .   a - +0 war axe
rCold    . . .     Gourm    .   (no shield)
rNeg     . . .     Faith    .   y - +0 plate armour
rPois    .         Spirit   .   c - +0 hat
rElec    .         Reflect  .   (no cloak)
rCorr    .         Harm     .   u - +0 pair of gloves
MR       .....                  (no boots)
Stlth    ..........             (no amulet)
HPRegen  0.17/turn              (no ring)
MPRegen  0.09/turn              (no ring)

@: lethally poisoned (0 -> -18)
A: retaliatory headbutt, horns 2
a: no special abilities


You were on level 4 of the Dungeon.
You were near starving.

You visited 1 branch of the dungeon, and saw 4 of its levels.

You collected 215 gold pieces.

Inventory:

Hand Weapons
 a - a +0 war axe (weapon)
Missiles
 d - 3 throwing nets (quivered)
 g - 71 stones
Armour
 c - a +0 hat (worn)
 l - a +0 chain mail
 u - a +0 pair of gloves (worn)
 y - a +0 plate armour (worn)
Jewellery
 z - an uncursed ring of fire {unknown}
Scrolls
 e - a scroll of immolation {unknown}
 h - 6 scrolls of identify {unknown}
 i - a scroll of amnesia {unknown}
 j - a scroll of enchant weapon {unknown}
 k - a scroll of fear {unknown}
 m - a scroll of blinking {unknown}
 r - a scroll of fog {unknown}
 t - a scroll of teleportation {unknown}
 v - a scroll of enchant armour {unknown}
Potions
 b - a potion of might {unknown}
 n - 2 potions of lignification {unknown}
 o - a potion of mutation {unknown}
 p - 2 potions of agility {unknown}
 q - a potion of haste {unknown}
 s - 3 potions of curing {unknown}
 w - 2 potions of degeneration {unknown}
 x - 3 potions of heal wounds {unknown}
 A - a potion of berserk rage {unknown}
Comestibles
 f - 6 rations


   Skills:
 + Level 4.1 Fighting
 * Level 6.0 Axes
 - Level 2.0 Throwing
 + Level 3.2 Armour
 + Level 4.5 Dodging


You had 5 spell levels left.
You didn't know any spells.
Your spell library was empty.

Dungeon Overview and Level Annotations

Branches:
Dungeon (4/15)
 Temple: D:4-7

Altars:
Yredelemnul
The Shining One


Innate Abilities, Weirdness & Mutations

You reflexively headbutt those who attack you in melee.
You have a pair of horns on your head.


Message History

You are lethally poisoned!
The orc priest hits you but does no damage.
You hit the orc priest.
You kill the orc priest!
You hit the orc priest.
* * * LOW HITPOINT WARNING * * *
You feel very sick.
The orc wizard casts a spell.
The orc wizard blinks!
A frilled lizard comes into view.
The orc priest mumbles some strange prayers to Beogh against you.
Pain shoots through your body!
* * * LOW HITPOINT WARNING * * *
The frilled lizard hisses angrily.
You barely miss the orc priest. Your headbutt misses the orc priest.
The orc priest is moderately wounded.
* * * LOW HITPOINT WARNING * * *
You feel sick.
The orc priest hits you with a +0 flail.
You die...

##..................#
.......#.........#..##
##....#...##.....# .#
####..#..####....#
..## ##....#
##...##.... #....#
#......... #...##
#.....####
##....#####....##
#............@)#
##.........####o.# #
#...##...### #.#
..#...#...## ..#
.....##...# #..#
#....# ..## .>.#
###..# l..ยง #... ..##
#.###


You could see an orc priest and a frilled lizard.

Vanquished Creatures
  A scorpion (D:4)
  2 orc priests
  A bullfrog skeleton (D:4)
  A worker ant (D:4)
  A howler monkey skeleton (D:4)
  4 adders
  2 oozes
  5 worms
  2 dart slugs (D:1)
  4 leopard geckos
  4 orcs
  9 ball pythons
  6 giant cockroaches
  7 goblins
  9 hobgoblins
  8 jackals (D:2)
  A quokka (D:3)
  10 bats
  6 frilled lizards
  9 kobolds
  4 rats
96 creatures vanquished.

Notes
Turn   | Place    | Note
-------+----------+-------------------------------------------
     0 | D:1      | Notair the Minotaur Gladiator began the quest for the Orb.
     0 | D:1      | Reached XP level 1. HP: 18/18 MP: 0/0
   204 | D:1      | Reached XP level 2. HP: 25/25 MP: 1/1
   251 | D:1      | Reached skill level 4 in Axes
   442 | D:1      | Reached skill level 1 in Armour
   526 | D:1      | Reached XP level 3. HP: 18/30 MP: 2/2
   970 | D:2      | Reached XP level 4. HP: 33/38 MP: 3/3
  1672 | D:2      | Reached skill level 5 in Axes
  1844 | D:3      | Reached XP level 5. HP: 43/45 MP: 4/4
  2242 | D:3      | Found a basalt altar of Yredelemnul.
  2264 | D:3      | Found a glowing golden altar of the Shining One.
  2266 | D:3      | Noticed an angel
  2733 | D:4      | Reached skill level 6 in Axes
  2733 | D:4      | Reached XP level 6. HP: 15/52 MP: 5/5
  3064 | D:4      | Slain by an orc priest

Vault maps used:
D:1:      elethiomel_arrival_maze, minmay_shallow_snake_nest
D:2:      first_ration
D:3:      grunt_temple_overflow_holy_war
D:4:      minitemple

Skill      XL: |  1  2  3  4  5 |
---------------+----------------+-----
Axes           | 4 5 6 |  6.0
Armour         | 1 2 3 |  3.2
Fighting       | 3 4 |  4.1
Dodging        | 4 |  4.5
Throwing       | |  2.0

Action                   |  1- 3 |  4- 6 || total
-------------------------+-------+-------++-------
Melee: War axe           |    78 |   136 ||   214
       Headbutt          |    13 |    33 ||    46
  Eat: Ration            |       |     1 ||     1
       Chunk             |       |     2 ||     2
Armor: Leather armour    |    12 |       ||    12
       Chain mail        |     9 |    66 ||    75
       Plate armour      |       |     9 ||     9
Dodge: Dodged            |    69 |    58 ||   127

Table legend:
 A = Non-vault XP
 B = Vault XP
 C = Vault XP percentage of total XP
 D = Non-vault monster count
 E = Vault monster count
 F = Vault count percentage of total count
                 A         B        C        D         E       F
            +---------+---------+-------+---------+---------+-------
      Total |     467 |       9 |   1.9 |      90 |       6 |   6.2
            +---------+---------+-------+---------+---------+-------
        D:1 |      57 |       9 |  13.6 |      28 |       6 |  17.6
        D:2 |      90 |       0 |   0.0 |      28 |       0 |   0.0
        D:3 |     124 |       0 |   0.0 |      28 |       0 |   0.0
        D:4 |     196 |       0 |   0.0 |       6 |       0 |   0.0
            +---------+---------+-------+---------+---------+-------
